 Dungeon Crawl Stone Soup version 0.30-a0-1164-ge08a67761e (webtiles) character file.

Game seed: 4327508852310572792

15978 funkygono the Severer (level 12, -8/108 HPs)
             Began as a Minotaur Fighter on Apr 29, 2023.
             Was an Elder of Okawaru.
             Mangled by a 17-headed hydra (11 damage)
             ... on level 2 of the Lair of Beasts.
             The game lasted 00:15:03 (10893 turns).

funkygono the Severer (Minotaur Fighter)           Turns: 10893, Time: 00:15:03

Health: -8/108     AC: 21    Str: 31    XL:     12   Next: 6%
Magic:  10/12      EV: 10    Int:  5    God:    Okawaru [****..]
Gold:   875        SH: 19    Dex: 11    Spells: 11/11 levels left

rFire   . . .        m - +6 war axe
rCold   . . .        h - +0 tower shield
rNeg    . . .        y - +0 plate armour
rPois   .            (helmet restricted)
rElec   .            F - +0 cloak
rCorr   .            (no gloves)
SInv    .            B - +2 pair of boots
Will    .....        v - amulet of the acrobat Stlth
                     o - +6 ring of strength
HPRegen 0.38/turn    r - +4 ring of slaying
MPRegen 0.13/turn

%: acrobat
@: heroic
A: horns 2, retaliatory headbutt
a: Renounce Religion, Heroism, Finesse


You were on level 2 of the Lair of Beasts.
You worshipped Okawaru.
Okawaru was greatly pleased with you.
You visited 3 branches of the dungeon, and saw 14 of its levels.

You collected 875 gold pieces.

Inventory:

Hand Weapons
 m - a +6 war axe (weapon)
 C - a +5 battleaxe
Missiles
 c - 17 javelins
 w - 12 boomerangs (quivered)
 L - 2 silver javelins
Armour
 g - a +2 cloak
 h - a +0 tower shield (worn)
 y - a +0 plate armour (worn)
 B - a +2 pair of boots (worn)
 F - a +0 cloak (worn)
Jewellery
 o - a +6 ring of strength (left hand)
 q - a +6 ring of dexterity
 r - a +4 ring of slaying (right hand)
 v - an amulet of the acrobat (around neck)
 G - a ring of ice
Wands
 f - a wand of quicksilver (2)
 u - a wand of paralysis (14)
 A - a wand of polymorph (19)
 H - a wand of flame (8)
Scrolls
 j - 4 scrolls of poison
 n - 8 scrolls of teleportation
 s - a scroll of immolation
 E - a scroll of blinking
 I - a scroll of fog
Potions
 a - a potion of attraction {unknown}
 b - 2 potions of curing
 d - 4 potions of might
 e - 2 potions of haste
 i - 2 potions of flight
 k - 3 potions of mutation
 l - 4 potions of brilliance
 p - 3 potions of ambrosia
 t - a potion of resistance
 z - a potion of berserk rage {unknown}
 D - a potion of lignification {unknown}
 K - a potion of magic {unknown}


   Skills:
 + Level 10.6(15.6) Fighting
 + Level 15.2(20.2) Axes
 + Level 9.4(14.4) Armour
 + Level 1.8(6.8) Dodging
 + Level 2.0(7.0) Stealth
 + Level 12.2(17.2) Shields
 + Level 2.0 Invocations


You had 11 spell levels left.
You didn't know any spells.
Your spell library contained the following spells:

 Spells                   Type           Power      Damage    Failure   Level
 Foxfire                  Conj/Fire      0%         2x1d4     99%         1
 Necrotise                Necr           0%         1d4       99%         1
 Shock                    Conj/Air       0%         1d3       99%         1
 Sting                    Tmut/Pois      0%         1d3       99%         1
 Poisonous Vapours        Pois/Air       0%         N/A       100%        2
 Olgreb's Toxic Radiance  Pois           0%         N/A       100%        4
 Fireball                 Conj/Fire      0%         3d3       100%        5
 Plasma Beam              Fire/Air       0%         2x1d11    100%        6
 Starburst                Conj/Fire      0%         6d3       100%        6


Dungeon Overview and Level Annotations

Branches:
Dungeon (11/15)            Temple (1/1) D:6            Lair (2/5) D:11
    Orc (0/2) D:10
  Swamp: Lair:2-3    Shoals: Lair:2-3     Snake: Lair:2-3    Spider: Lair:2-3

Altars:
Ashenzari
Cheibriados
Dithmenos
Elyvilon
Fedhas
Gozag
Hepliaklqana
Kikubaaqudgha
Makhleb
Nemelex Xobeh
Okawaru
Qazlal
Ru
Sif Muna
Trog
Uskayaw
Vehumet
Wu Jian
Xom
Yredelemnul
Zin
The Shining One

Shops:
D:2 *

Annotations:
Lair:1 3 runed translucent doors, Zoxog's ghost, journeyman DECj


Innate Abilities, Weirdness & Mutations

You have a pair of horns on your head.
You reflexively headbutt those who attack you in melee.


Message History

The 16-headed hydra bites you but does no damage.
The 16-headed hydra barely misses you. You block the 16-headed hydra's attack.
The 16-headed hydra bites you.
* * * LOW HITPOINT WARNING * * *
The 16-headed hydra bites you but does no damage.
The 16-headed hydra barely misses you.
You block the 16-headed hydra's attack. x2
The 16-headed hydra bites you but does no damage.
The 16-headed hydra bites you.
* * * LOW HITPOINT WARNING * * *
The 16-headed hydra bites you but does no damage.
The 16-headed hydra bites you!
* * * LOW HITPOINT WARNING * * *
You feel better.
A cane toad comes into view.
You block the 16-headed hydra's attack. The 16-headed hydra barely misses you.
You block the 16-headed hydra's attack.
The 16-headed hydra bites you but does no damage.
You block the 16-headed hydra's attack.
The 16-headed hydra bites you but does no damage.
The 16-headed hydra barely misses you. You block the 16-headed hydra's attack.
The 16-headed hydra barely misses you.
The 16-headed hydra bites you but does no damage. x2
The 16-headed hydra bites you!
* * * LOW HITPOINT WARNING * * *
The 16-headed hydra bites you but does no damage.
The 16-headed hydra bites you.
* * * LOW HITPOINT WARNING * * *
The 16-headed hydra bites you but does no damage. x2
The cane toad gives a loud, deep croak!
You chop one of the 16-headed hydra's heads off!
The 15-headed hydra grows two more!
You slice the 17-headed hydra!!
The 17-headed hydra is severely wounded.
The 17-headed hydra closely misses you. You furiously retaliate!
You headbutt the 17-headed hydra!
You block the 17-headed hydra's attack. x3
The 17-headed hydra barely misses you.
The 17-headed hydra bites you but does no damage. x3
The 17-headed hydra bites you.
* * * LOW HITPOINT WARNING * * *
You block the 17-headed hydra's attack. The 17-headed hydra bites you!
You die...

##.### .......
##....#### .......
####......#.## .......
#.#...)....#.# .......
##..........## .......
##...........# .......
#.............
.F....D####.............
#@................
#..#P.............
#....P.............
###................
#.#.............#
####...........##
#..........##
###..##P....#
##..#######


You could see a 17-headed hydra and a cane toad.

Vanquished Creatures
  Fannar (D:11)
  Pikel (D:9)
  A deep elf zephyrmancer (D:10)
  A cyclops (D:11)
  An ugly thing (D:11)
  7 elephants
  A cane toad (Lair:1)
  2 rime drakes (Lair:1)
  3 komodo dragons
  2 trolls
  2 hornets
  Grinder (D:5)
  A polar bear (Lair:1)
  4 wraiths
  A shadow (D:9)
  8 yaks
  A human (D:10)
  4 wyverns
  A basilisk (Lair:1)
  2 wargs (D:10)
  3 acid dragons
  4 water moccasins
  6 orc warriors
  3 ogres
  4 black bears
  6 centaurs
  A phantom (D:7)
  3 lemures (D:9)
  3 bullfrogs
  2 kobold brigands
  3 scorpions (D:6)
  21 wights
  6 killer bees
  An electric eel (D:7)
  5 howler monkeys
  A jelly (D:5)
  2 gnoll boudas
  10 orc priests
  An iron imp (D:4)
  Ijyb (D:4)
  7 iguanas
  12 orc wizards
  4 gnolls (D:8)
  4 adders
  A shadow imp (D:6)
  A white imp (D:7)
  4 ufetubi
  2 worms
  2 dart slugs
  45 orcs
  3 endoplasms
  4 giant cockroaches
  5 goblins
  14 hobgoblins
  7 jackals
  18 kobolds
  4 quokkas
  4 ball pythons
  5 bats
  3 frilled lizards
  3 rats
283 creatures vanquished.

Vanquished Creatures (others)
  A fungus (Lair:1)
  8 plants (Lair:1)
9 creatures vanquished.

Grand Total: 292 creatures vanquished

Notes
Turn   | Place    | Note
-------+----------+-------------------------------------------
     0 | D:1      | funkygono the Minotaur Fighter began the quest for the Orb.
     0 | D:1      | Reached XP level 1. HP: 19/19 MP: 0/0
    77 | D:1      | Reached XP level 2. HP: 27/27 MP: 1/1
   107 | D:1      | Reached skill level 3 in Axes
   570 | D:1      | Reached XP level 3. HP: 33/33 MP: 2/2
   903 | D:2      | Got First Steps in Wizardry
   911 | D:2      | Found Leju's Assorted Antiques.
  1216 | D:2      | Reached skill level 4 in Axes
  1216 | D:2      | Reached XP level 4. HP: 40/40 MP: 3/3
  1991 | D:4      | Found a snail-covered altar of Cheibriados.
  1992 | D:4      | Noticed Ijyb
  2007 | D:4      | Killed Ijyb
  2008 | D:4      | Reached XP level 5. HP: 22/46 MP: 4/4
  2017 | D:4      | Reached skill level 5 in Axes
  2515 | D:4      | Reached skill level 5 in Shields
  2715 | D:4      | Reached XP level 6. HP: 53/53 MP: 5/5
  2768 | D:5      | Entered Level 5 of the Dungeon
  2768 | D:5      | Noticed Grinder
  2783 | D:5      | Killed Grinder
  2784 | D:5      | Reached skill level 6 in Axes
  2954 | D:5      | Found a large runed translucent door.
  2955 | D:5      | Found a large runed translucent door.
  2975 | D:5      | Reached XP level 7. HP: 37/60 MP: 6/6
  3079 | D:5      | Reached skill level 7 in Axes
  3079 | D:5      | Reached skill level 5 in Armour
  3079 | D:5      | Reached skill level 1 in Stealth
  3218 | D:5      | Reached skill level 5 in Fighting
  3898 | D:5      | Found a glowing silver altar of Zin.
  3908 | D:5      | Found a shimmering blue altar of Sif Muna.
  3917 | D:5      | Reached skill level 8 in Axes
  3980 | D:6      | Found a staircase to the Ecumenical Temple.
  4011 | D:6      | Reached XP level 8. HP: 57/69 MP: 7/7
  4021 | Temple   | Entered the Ecumenical Temple
  4355 | D:6      | Reached skill level 1 in Dodging
  4549 | D:6      | Found a glowing golden altar of the Shining One.
  4701 | D:6      | Reached skill level 9 in Axes
  5101 | D:7      | Reached XP level 9. HP: 70/78 MP: 8/8
  5158 | D:7      | Reached skill level 10 in Axes
  5462 | D:7      | Paralysed by a hornet for 3 turns
  6214 | D:8      | Reached skill level 11 in Axes
  6705 | D:8      | Identified the +2 robe of Past Mistakes {+Blink SInv
                  | Stlth+}
  6871 | D:8      | Reached XP level 10. HP: 84/86 MP: 9/9
  7122 | Temple   | Became a worshipper of Warmaster Okawaru
  7257 | D:9      | Reached skill level 12 in Axes
  7311 | D:9      | Found an ornate altar of the Wu Jian Council.
  7321 | D:9      | Noticed Pikel
  7331 | D:9      | Reached skill level 10 in Shields
  7347 | D:9      | Killed Pikel
  7438 | D:9      | Reached * piety under Okawaru
  7511 | D:9      | Reached skill level 13 in Axes
  8088 | D:10     | Entered Level 10 of the Dungeon
  8147 | D:10     | Found a staircase to the Orcish Mines.
  8250 | D:10     | Noticed a deep elf zephyrmancer
  8256 | D:10     | Killed a deep elf zephyrmancer
  8256 | D:10     | Reached ** piety under Okawaru
  8265 | D:10     | Reached skill level 1 in Invocations
  8541 | D:10     | Reached XP level 11. HP: 75/95 MP: 10/10
  8945 | D:11     | Noticed a cyan ugly thing
  8949 | D:11     | Killed a cyan ugly thing
  9018 | D:11     | Found a staircase to the Lair.
  9035 | D:11     | Reached *** piety under Okawaru
  9040 | D:11     | Reached skill level 14 in Axes
  9318 | D:11     | Noticed Fannar
  9329 | D:11     | Killed Fannar
  9762 | Lair:1   | Entered Level 1 of the Lair of Beasts
  9976 | Lair:1   | Found a runed translucent gate.
  9976 | Lair:1   | Found a runed translucent gate.
  9978 | Lair:1   | Noticed Zoxog's ghost (journeyman DECj)
  9979 | Lair:1   | Found a runed translucent gate.
  9979 | Lair:1   | Noticed a 12-headed hydra
 10065 | Lair:1   | Reached skill level 10 in Fighting
 10073 | Lair:1   | Reached **** piety under Okawaru
 10444 | Lair:1   | Reached skill level 15 in Axes
 10448 | Lair:1   | Reached XP level 12. HP: 91/108 MP: 10/12
 10625 | Lair:1   | Received a gift from Okawaru
 10873 | Lair:2   | Noticed a five-headed hydra
 10892 | Lair:2   | HP: 5/108 [16-headed hydra (6)]
 10893 | Lair:2   | Mangled by a 17-headed hydra

Illustrated notes

Levels and vault maps discovered:
D:1:      amcnicky_arrival_blooded_trapdoor, layout_basic
D:2:      layout_rooms, serial_shops, shop, dk_vineyard_3
D:3:      layout_rooms
D:4:      layout_basic, slow_altar_1, uniq_ijyb
D:5:      layout_cave_pods, jmf_multi_god_temple2, kennysheep_cross_room,
          minmay_misc_feat_tiny, chequers_serial_rivers_micro_d, st_stairs_3,
          nrook_pool_corridor, uniq_grinder
D:6:      layout_loops_ring, nicolae_tso_carved_into_rock, temple_pool_b
D:7:      layout_basic, minivault_14, minmay_crystal_water
D:8:      layout_basic
D:9:      layout_loops_ring, nicolae_wu_jian_wuxing_cycle,
          minmay_fractal_squares_5, uniq_pikel
D:10:     layout_loops_corners, david_orc_3, hangedman_stone_soup
D:11:     layout_basic, david_lair_generic, uniq_fannar
Temple:   bh_familiar_temple
Lair:1:   layout_gridlike, gammafunk_ghost_hydra_chop,
          chequers_serial_rivers_micro_a
Lair:2:   layout_cave_pods, guppyfry_snake_entry_garden, uniq_gastronok

Skill      XL: |  1  2  3  4  5  6  7  8  9 10 11 |
---------------+----------------------------------+-----
Axes           | 3 4 5 6 8 9 11 13 15 | 15.2
Shields        | 4 5 6 7 9 10 12 | 12.2
Fighting       | 4 5 6 7 8 10 | 10.6
Armour         | 4 5 6 7 8 9 |  9.4
Stealth        | 1 2 |  2.0
Dodging        | 1 |  1.8
Invocations    | 1 2 |  2.0

Action                     |  1- 3 |  4- 6 |  7- 9 | 10-12 || total
---------------------------+-------+-------+-------+-------++-------
  Melee: War axe           |    83 |    99 |   269 |   275 ||   726
         Headbutt          |     6 |    17 |    38 |    63 ||   124
 Invoke: Heroism           |       |       |       |    10 ||    10
    Use: Scroll            |       |     8 |     5 |     7 ||    20
         Potion            |       |       |     2 |     1 ||     3
 Armour: Scale mail        |    30 |    28 |       |       ||    58
         Chain mail        |       |    12 |    43 |       ||    55
         Plate armour      |       |       |    88 |   153 ||   241
  Dodge: Dodged            |    40 |    23 |    57 |    99 ||   219
  Block: Buckler           |     9 |       |       |       ||     9
         Tower shield      |    39 |    72 |   191 |   259 ||   561

Table legend: (Time is in decaauts)
 A = Elapsed time spent in this place.
 B = Non-inter-level travel time spent in this place.
 C = Inter-level travel time spent in this place.
 D = Time resting spent in this place.
 E = Time spent auto-exploring this place.
 F = Levels seen in this place.
 G = Mean time per level.
                   A        B        C        D        E       F      G
               +--------+--------+--------+--------+--------+-----+--------+
         Total |  11032 |  10490 |    542 |      3 |   8561 |  14 |  788.0 |
       Dungeon |   9643 |   9194 |    449 |      3 |   7422 |  11 |  876.6 |
        Temple |    270 |    197 |     73 |      0 |    188 |   1 |  270.0 |
          Lair |   1118 |   1099 |     19 |      0 |    950 |   2 |  559.0 |
               +--------+--------+--------+--------+--------+-----+--------+

Top non-repeatable levels by time:
     D:5: 1228 daAuts
     D:7: 1195 daAuts
  Lair:1: 1053 daAuts
     D:6: 979 daAuts
     D:9: 916 daAuts
     D:4: 851 daAuts
     D:1: 843 daAuts
    D:11: 832 daAuts
    D:10: 832 daAuts
     D:8: 806 daAuts
     D:2: 622 daAuts
     D:3: 534 daAuts
  Temple: 270 daAuts
  Lair:2: 64 daAuts
